 Dungeon Crawl Stone Soup version 0.30-a0-137-gd8773701ce (webtiles) character file.

Game seed: 13143649221070047044

48 Pilot the Poker (level 4, -3/34 HPs)
             Began as a Formicid Gladiator on Sept 21, 2022.
             Shot with an arrow by a centaur (8 damage)
             ... on level 5 of the Dungeon.
             The game lasted 00:04:15 (1288 turns).

Pilot the Poker (Formicid Gladiator)                Turns: 1288, Time: 00:04:16

Health: -3/34      AC:  8    Str: 19    XL:     4   Next: 0%
Magic:  4/4        EV:  8    Int:  7    God:
Gold:   73         SH:  0    Dex: 17    Spells: 3/3 levels left

rFire   . . .      SeeInvis +    a - +0 trident
rCold   . . .      Faith    .    (no shield)
rNeg    . . .      Spirit   .    p - +0 chain mail
rPois   .          Reflect  .    (helmet unavailable)
rElec   .          Harm     .    (no cloak)
rCorr   .          Rampage  .    (no gloves)
Will    .....                    (no boots)
Stlth   ..........               (no amulet)
HPRegen 0.11/turn                (no ring)
MPRegen 0.09/turn                (no ring)

@: no status effects
A: permanent stasis, dig shafts and tunnels, antennae 3, four strong arms
a: Dig, Shaft Self


You were on level 5 of the Dungeon.
You visited 1 branch of the dungeon, and saw 4 of its levels.

You collected 73 gold pieces.

Inventory:

Hand Weapons
 a - a +0 trident (weapon)
 g - a +0 sling
Missiles
 c - 3 throwing nets (quivered)
 d - a javelin
Armour
 b - a +0 leather armour
 p - a +0 chain mail (worn)
Scrolls
 f - a scroll of teleportation {unknown}
 h - 2 scrolls of amnesia {unknown}
 j - a scroll of blinking {unknown}
 n - a scroll of butterflies {unknown}
 o - 2 scrolls of identify {unknown}
Potions
 e - 2 potions of brilliance {unknown}
 i - a potion of lignification {unknown}
 k - a potion of haste {unknown}
 l - a potion of cancellation {unknown}
 m - a potion of curing {unknown}


   Skills:
 + Level 2.8 Fighting
 + Level 3.4 Polearms
 + Level 2.6 Throwing
 + Level 3.1 Dodging


You had 3 spell levels left.
You didn't know any spells.
Your spell library was empty.

Dungeon Overview and Level Annotations

Branches:
Dungeon (5/15)
 Temple: D:4-7

Altars:

Shops:
D:1 =   D:5 [


Innate Abilities, Weirdness & Mutations

You cannot be hasted, slowed, berserked, paralysed or teleported.
You can dig through walls and to a lower floor.
You have a pair of large antennae on your head. (SInv)
Your four strong arms can wield two-handed weapons with a shield.


Message History

You see here a +0 chain mail.
p - a +0 chain mail You start removing your armour.
You continue taking off your +0 leather armour. x4
You finish taking off your +0 leather armour.
You start putting on your armour.
You continue putting on your +0 chain mail. x5
You finish putting on your +0 chain mail.
Found a stone staircase leading up.
Found a stone staircase leading up.
There is a stone staircase leading up here.
Found a stone staircase leading down.
You sense a monster nearby.
o - 2 scrolls labelled ISMIC TYRACIOPH (gained 1)
An endoplasm and a ball python come into view.
The endoplasm quivers.
The ball python hisses angrily.
A goblin comes into view. It is wielding a +0 club.
An endoplasm is nearby!
An endoplasm is nearby!
There is a stone staircase leading down here.
You climb downwards.
There is a stone staircase leading up here.
A centaur comes into view.
The centaur shouts!
You hear a shout! x2
The centaur wields a +0 shortbow.
The centaur shoots an arrow.
The arrow closely misses you.
An orc priest comes into view. It is wielding a +0 whip.
The centaur shoots an arrow.
The arrow hits you!
You open the door.
The centaur shoots an arrow.
The arrow hits you.
The centaur shoots an arrow.
The arrow hits you.
Found Xaezase's Antique Armour Boutique.
Found a stone staircase leading up.
The centaur shoots an arrow.
The arrow hits you!
There is an open door here.
Are you sure you want to shaft yourself?
The centaur shoots an arrow.
The arrow hits you!
* * * LOW HITPOINT WARNING * * *
The centaur shoots an arrow.
The arrow hits you!
You die...

.. .#.### .....#
.....# #....#
#....#
#########....##..
.∩..<..@.........
##≈≈####...#.o##.
#.<...o.o.
##.###..#o ###
c.# ..


You could see a centaur, an orc priest and an orc.

Vanquished Creatures
  An adder (D:2)
  3 dart slugs (D:1)
  A ball python (D:2)
  2 bats
  6 endoplasms
  2 giant cockroaches (D:2)
  3 goblins
  2 hobgoblins (D:2)
  2 quokkas (D:2)
  2 frilled lizards (D:1)
  2 kobolds
  4 rats
30 creatures vanquished.

Notes
Turn   | Place    | Note
-------+----------+-------------------------------------------
     0 | D:1      | Pilot the Formicid Gladiator began the quest for the Orb.
     0 | D:1      | Reached XP level 1. HP: 16/16 MP: 1/1
    46 | D:1      | Found Xeotumm's Jewellery Boutique.
   102 | D:1      | Reached XP level 2. HP: 19/23 MP: 2/2
   445 | D:1      | Reached XP level 3. HP: 23/28 MP: 3/3
   447 | D:1      | You fall into a shaft and drop 1 floor!
   448 | D:2      | Found a faded altar of an unknown god.
   926 | D:2      | Reached XP level 4. HP: 6/34 MP: 4/4
  1171 | D:2      | You fall into a shaft and drop 2 floors!
  1283 | D:5      | Entered Level 5 of the Dungeon
  1284 | D:5      | Noticed a centaur
  1286 | D:5      | Found Xaezase's Antique Armour Boutique.
  1288 | D:5      | Shot with an arrow by a centaur

Illustrated notes

Levels and vault maps discovered:
D:1:      psy_arrival_terrarium, layout_loops_ring, serial_shops, shop,
          chequers_big_river, hex_medium
D:2:      layout_loops_ring, shapermc_ecumenical_altar_starsandcircs
D:4:      layout_loops_ring, kennysheep_little_box
D:5:      layout_basic, gammafunk_temple_overflow_pools, serial_shops,
          nicolae_shop_hallway_stairs, gammafunk_ghost_hive

Skill      XL: |  1  2  3 |
---------------+----------+-----
Dodging        | 3 |  3.1
Fighting       | |  2.8
Polearms       | |  3.4
Throwing       | |  2.6

Action                   |  1- 3 |  4- 6 || total
-------------------------+-------+-------++-------
Melee: Trident           |    87 |       ||    87
 Abil: Shaft Self        |     1 |     2 ||     3
 Stab: Sleeping          |     3 |       ||     3
Armor: Leather armour    |    23 |       ||    23
Dodge: Dodged            |    69 |     1 ||    70

Table legend: (Time is in decaauts)
 A = Elapsed time spent in this place.
 B = Non-inter-level travel time spent in this place.
 C = Inter-level travel time spent in this place.
 D = Time resting spent in this place.
 E = Time spent auto-exploring this place.
 F = Levels seen in this place.
 G = Mean time per level.
                   A        B        C        D        E       F      G
               +--------+--------+--------+--------+--------+-----+--------+
         Total |   1299 |   1196 |    103 |      0 |    602 |   4 |  324.8 |
       Dungeon |   1299 |   1196 |    103 |      0 |    602 |   4 |  324.8 |
               +--------+--------+--------+--------+--------+-----+--------+

Top non-repeatable levels by time:
     D:2: 731 daAuts
     D:1: 450 daAuts
     D:4: 111 daAuts
     D:5: 4 daAuts
